AoeStats
← GuLy San (10)

Arabia

503203056Analyzed
1v1 RM · 1mo ago on Aug 30, 2026· 51m 5s· 2 players
Game mode
Random Map
Map size
Tiny (2 player)
Population
200
Speed
Normal
Resources
Standard
Victory
Conquest
Starting age
Dark Age
Ending age
Imperial Age
RankedLock teamsTeams togetherTeam positionsShared explorationLock speedFull tech treeHidden civsTurbo modeCheats
Victory
Defeat
🇦🇷 Maya · Argentina
882
+15
🇩🇪 Teutons · Germany
854
-15
GuLy San (10)
0:25 Loom
10:13 Feudal Age
10:53 Horse Collar
15:12 Double-Bit Axe
15:28 Gold Mining
22:39 Castle Age
21:00 Fletching
22:35 Forging
22:45 Crossbowman
22:48 Pikeman
24:55 Thumb Ring
25:27 Squires
26:02 Bodkin Arrow
30:13 Ballistics
32:28 Scale Mail Armor
36:41 Arson
37:07 Eagle Warrior
39:12 Iron Casting
38:37 Padded Archer Armor
44:55 Imperial Age
44:17 Bow Saw
45:14 Halberdier
45:17 Elite Eagle Warrior
45:18 Arbalester
46:03 Capped Ram
51:34 Chemistry
50:55 Ballistics
50:04 Elite Plumed Archer
52:26 Blast Furnace
51:41 Chain Mail Armor
51:27 Bracer
51:43 Leather Archer Armor
MaselDMonkey
6:39 Loom
9:43 Feudal Age
10:33 Double-Bit Axe
19:48 Bloodlines
20:32 Forging
21:30 Scale Barding Armor
27:25 Castle Age
33:47 Iron Casting
38:12 Bow Saw
39:33 Fletching
39:44 Padded Archer Armor
39:58 Elite Skirmisher
44:55 Imperial Age
43:12 Leather Archer Armor
44:11 Bodkin Arrow
47:26 Chemistry
46:47 Ballistics
48:20 Ring Archer Armor
Connection lost

Rejoining the realm…

Still unreachable

The connection could not be restored.

Session expired

The server has moved on; the page needs a fresh start.